 Dungeon Crawl Stone Soup version 0.24-a0-509-ga1643a6788 (webtiles) character file.

Game seed: 9188649007476331308

29 KristoblXynda the Charmwright (level 3, 0/29 HPs)
             Began as a Draconian Skald on July 19, 2019.
             Slain by a gnoll
             ... wielding a +0 spear
              (4 damage)
             ... on level 1 of the Dungeon.
             The game lasted 00:01:26 (676 turns).

KristoblXynda the Charmwright (Draconian Skald)      Turns: 676, Time: 00:01:27

Health: 0/29       AC:  5    Str: 13    XL:     3   Next: 1%
Magic:  3/6        EV: 12    Int: 14    God:
Gold:   36         SH:  0    Dex: 10    Spells: 5/6 levels left

rFire    . . .     SeeInvis .   a - +0 hand axe
rCold    . . .     Gourm    .   (no shield)
rNeg     . . .     Faith    .   (armour unavailable)
rPois    .         Spirit   .   (helmet restricted)
rElec    .         Reflect  .   (no cloak)
rCorr    .         Harm     .   (no gloves)
MR       .....                  (no boots)
Stlth    +.........             (no amulet)
HPRegen  0.09/turn              (no ring)
MPRegen  0.10/turn              (no ring)

@: infused
A: unfitting armour, cold-blooded, AC +5
a: no special abilities


You were on level 1 of the Dungeon.
You were not hungry.

You visited 1 branch of the dungeon, and saw 1 of its levels.

You collected 36 gold pieces.

Inventory:

Hand Weapons
 a - a +0 hand axe (weapon)
Scrolls
 b - 6 scrolls of identify {unknown}
 e - a scroll of enchant weapon {unknown}
 f - a scroll of noise {unknown}
Comestibles
 c - 2 rations


   Skills:
 - Level 2.1 Fighting
 * Level 2.9 Axes
 + Level 2.4 Dodging
 - Level 2.0 Spellcasting
 + Level 3.0 Charms


You had 5 spell levels left.
You knew the following spells:

 Your Spells              Type           Power        Failure   Level  Hunger
a - Infusion              Chrm           #...         7%          1    ##.....

Your spell library contained the following spells:

 Spells                   Type           Power        Failure   Level  Hunger
 Song of Slaying          Chrm           #.......     11%         2    ###....
 Shroud of Golubria       Chrm/Tloc      #.....       19%         2    ###....
 Regeneration             Chrm/Necr      #.........   36%         3    ####...
 Spectral Weapon          Hex/Chrm       #.......     36%         3    ####...


Dungeon Overview and Level Annotations

Branches:
Dungeon (1/15)

Altars:


Innate Abilities, Weirdness & Mutations

Your plain brown scales are hard. (AC +5)
You cannot fit into any form of body armour.
You are cold-blooded and may be slowed by cold attacks.


Message History

The hobgoblin barely misses you.
You hit the hobgoblin.
You kill the hobgoblin!
You have reached level 3!
Your experience leads to an increase in your attributes!
Increase (S)trength, (I)ntelligence, or (D)exterity?
You feel clever.
Your scales feel tougher.
The gnoll misses you.
Your magical infusion is running out.
Casting: Infusion (safe; 7% risk of failure)
Confirm with . or Enter, or press ? or * to list all spells.
You extend your infusion's duration.
You hit the gnoll.
The gnoll is lightly wounded.
The gnoll hits you with a +0 spear.
* * * LOW HITPOINT WARNING * * *
You closely miss the gnoll.
The gnoll is lightly wounded.
The gnoll hits you with a +0 spear.
You die...

........# #.# #.#
......#.########g######.#####
###........g.g...##.........#
#.###..##########.........# #.#
##......)...'.........#
###.####..#########.........#
.....[.........g......>.)..##
########...######g########.### .#
#........@............####
.#########.######.#.............#
.##.............#.#.............#
##.#######.###.#.#.............#
#.#........##.#.#.........)...#
#.#######..##.#.#.............#
#.....# #..##.#.#...รท.........#
.##.....# #...#.#.#..)..........#
........# #.#.#.#.#.............#


You could see a gnoll.

Vanquished Creatures
  2 dart slugs (D:1)
  3 giant cockroaches (D:1)
  4 goblins (D:1)
  2 hobgoblins (D:1)
  7 kobolds (D:1)
  A bat (D:1)
  4 frilled lizards (D:1)
  A rat (D:1)
24 creatures vanquished.

Notes
Turn   | Place    | Note
-------+----------+-------------------------------------------
     0 | D:1      | KristoblXynda the Draconian Skald began the quest for the
                  | Orb.
     0 | D:1      | Reached XP level 1. HP: 17/17 MP: 3/3
    88 | D:1      | Reached XP level 2. HP: 24/24 MP: 5/5
   365 | D:1      | Reached skill level 3 in Charms
   609 | D:1      | HP: 1/24 [gnoll/+0 spear (7)]
   668 | D:1      | Reached XP level 3. HP: 7/29 MP: 3/6
   676 | D:1      | Slain by a gnoll

Levels and vault maps discovered:
D:1:      sevenhm_arrival_forest_fort_small_4, layout_basic

Skill      XL: |  1  2 |
---------------+-------+-----
Charms         | 3 |  3.0
Fighting       | |  2.1
Axes           | |  2.9
Dodging        | |  2.4
Spellcasting   | |  2.0

Action                   || total
-------------------------++-------
Melee: Hand axe          ||    74
       Tailslap          ||     4
 Cast: Infusion          ||     3
  Use: Scroll            ||     1
Armor: Skin              ||    33
Dodge: Dodged            ||    56

Table legend:
 A = Non-vault XP
 B = Vault XP
 C = Vault XP percentage of total XP
 D = Non-vault monster count
 E = Vault monster count
 F = Vault count percentage of total count
                 A         B        C        D         E       F
            +---------+---------+-------+---------+---------+-------
      Total |      42 |       0 |   0.0 |      24 |       0 |   0.0
            +---------+---------+-------+---------+---------+-------
        D:1 |      42 |       0 |   0.0 |      24 |       0 |   0.0
            +---------+---------+-------+---------+---------+-------
